 Dungeon Sprint DCSS version bcrawl-1.21 (webtiles) character file.

Game seed: 16861291992112211515

159 MordorOrchid the Ruffian (level 5, -4/47 HPs)
             Began as an Oni Sloth Apostle on Feb 15, 2020.
             Was an Elder of Cheibriados.
             Slain by a manticore (18 damage)
             ... in the Dungeon (Sprint IX: "|||||||||||||||||||||||||||||").
             The game lasted 00:02:37 (253 turns).

MordorOrchid the Ruffian (Oni Sloth Apostle)         Turns: 253, Time: 00:02:37

Health: -4/47      AC:  5    Str: 25    XL:     5   Next: 40%
Magic:  5/9        EV: 13    Int: 23    God:    Cheibriados [****..]
Gold:   0          SH: 11    Dex: 22    Spells: 6/7 levels left

rFire    . . .     SeeInvis .     - Unarmed
rCold    . . .     Gourm    .   b - +0 shield
rNeg     . . .     Faith    .   a - +0 animal skin
rPois    .         Spirit   .   (helmet restricted)
rElec    .         Reflect  .   (no cloak)
rCorr    .         Harm     .   (no gloves)
MR       .....     NoTele   +   r - +0 pair of boots
Stlth    +++.......             (no amulet)
HPRegen  0.15/turn              s - +2 ring of protection
MPRegen  0.11/turn              t - +3 ring of dexterity

@: very slightly contaminated, invisible, very slow
A: oni magic, claws 1, fangs 1, horns 1
a: Bend Time, Temporal Distortion, Slouch, Renounce Religion


You were in the Dungeon.
You worshipped Cheibriados.
Cheibriados was greatly pleased with you.
You were not hungry.

You visited 1 branch

Inventory:

Hand Weapons
 q - the +2 rapier of Usavoas {protect, rC- Dex+2 SInv}
   (You found it in the Dungeon)

   It grants its wielder temporary protection when it strikes (+7 to AC).
   It affects your dexterity (+2).
   It makes you vulnerable to cold.
   It lets you see invisible.
Armour
 a - a +0 animal skin (worn)
 b - a +0 shield (worn)
 r - a +0 pair of boots (worn)
 u - a +0 plate armour
Magical Staves
 p - an uncursed staff of energy
Jewellery
 s - a +2 ring of protection (left claw)
 t - a +3 ring of dexterity (right claw)
Wands
 c - a wand of paralysis (10)
 o - a wand of iceblast (10)
Scrolls
 j - 2 scrolls of blinking
 m - 3 scrolls of remove curse
 n - 2 scrolls of amnesia
Potions
 d - 5 potions of curing
 f - 2 potions of heal wounds
 g - a potion of haste
 h - 4 potions of magic
 i - a potion of berserk rage
Comestibles
 e - a ration {!d}


   Skills:
 * Level 4.9 Fighting
 * Level 1.7 Armour
 * Level 3.7 Dodging
 - Level 2.6 Stealth
 * Level 4.6 Shields
 * Level 6.4 Unarmed Combat
 * Level 1.6 Spellcasting
   Level 1.6 Conjurations
   Level 1.6 Hexes
   Level 1.6 Charms
   Level 1.6 Summonings
   Level 1.6 Necromancy
   Level 1.6 Translocations
   Level 1.6 Transmutations
   Level 1.6 Fire Magic
   Level 1.6 Ice Magic
   Level 1.6 Air Magic
   Level 1.6 Earth Magic
   Level 1.6 Poison Magic
 - Level 1.0 Evocations


You had 6 spell levels left.
You knew the following spells:

 Your Spells              Type           Power        Failure   Level  Hunger
a - Slow                  Hex            ##......     22%         1    #......

Your spell library contained the following spells:

 Spells                   Type           Power        Failure   Level  Hunger
 Shock                    Conj/Air       #....        26%         1    #......
 Corpse Rot               Necr           N/A          34%         2    ###....


Dungeon Overview and Level Annotations

Branches:
Dungeon (1/1)

Altars:
Cheibriados
Dithmenos
Elyvilon
Fedhas
Gozag
Hepliaklqana
Kikubaaqudgha
Lugonu
Makhleb
Nemelex Xobeh
Okawaru
Qazlal
Ru
Sif Muna
Trog
Uskayaw
Vehumet
Wu Jian
Xom
Yredelemnul
Zin
The Shining One
Beogh
Jiyva


Innate Abilities, Weirdness & Mutations

You learn spells by gaining experience, not through books or religion.
You only train spellcasting to practice magic.
You have sharp fingernails.
You have very sharp teeth.
You have a pair of small horns on your head.


Message History

You headbutt the manticore!
The manticore is heavily wounded.
The manticore barely misses you. x2; The manticore closely misses you.
You catch the helpless manticore completely off-guard!
You scratch the manticore.
The manticore is severely wounded.
You block the manticore's attack. The manticore closely misses you.
The manticore claws you.
* * * LOW HITPOINT WARNING * * *
You catch the helpless manticore completely off-guard!
You claw the manticore!
The manticore is almost dead.
The manticore bites you but does no damage.
The manticore claws you but does no damage.
You block the manticore's attack.
You closely miss the manticore.
You bite the manticore, but do no damage.
The manticore is almost dead.
The manticore bites you!!
You die...

▓.▓
▓)▓
▓[▓
▓.▓
▓.▓
▓.▓
▓.▓
▓'▓
▓@▓
▓H▓
▓o▓
▓.▓
▓l▓
▓t▓
▓+▓


You could see a manticore, a komodo dragon (wandering), an orc warrior and a
crocodile (wandering).

Vanquished Creatures
  A bullfrog (D)
  A crimson imp (D)
  A jelly (D)
  2 shadow imps (D)
  A leopard gecko (D)
  A ball python (D)
  A bat zombie (D)
  A kobold (D)
  A quokka (D)
  A frilled lizard (D)
  A rat (D)
12 creatures vanquished.

Notes
Turn   | Place    | Note
-------+----------+-------------------------------------------
     0 | D        | MordorOrchid the Oni Sloth Apostle began the quest for the
                  | Orb.
     0 | D        | Reached XP level 1. HP: 17/17 MP: 4/4
    15 | D        | Reached skill level 1 in Dodging
    18 | D        | Reached * piety under Cheibriados
    98 | D        | Noticed a crimson imp
    98 | D        | Noticed a jelly
   101 | D        | Reached ** piety under Cheibriados
   101 | D        | Reached XP level 2. HP: 24/25 MP: 5/5
   107 | D        | Killed a crimson imp
   107 | D        | Reached skill level 4 in Unarmed Combat
   107 | D        | Reached XP level 3. HP: 29/33 MP: 6/6
   113 | D        | Reached *** piety under Cheibriados
   118 | D        | Reached XP level 4. HP: 23/40 MP: 0/7
   119 | D        | Reached skill level 5 in Unarmed Combat
   124 | D        | Found a roughly hewn altar of Beogh.
   124 | D        | Found a snail-covered altar of Cheibriados.
   124 | D        | Found a shadowy altar of Dithmenos.
   124 | D        | Found a white marble altar of Elyvilon.
   124 | D        | Found a blossoming altar of Fedhas.
   124 | D        | Found an opulent altar of Gozag.
   125 | D        | Found a hazy altar of Hepliaklqana.
   126 | D        | Found a viscous altar of Jiyva.
   127 | D        | Found an ancient bone altar of Kikubaaqudgha.
   128 | D        | Found a corrupted altar of Lugonu.
   129 | D        | Found a burning altar of Makhleb.
   130 | D        | Found a sparkling altar of Nemelex Xobeh.
   131 | D        | Found an iron altar of Okawaru.
   132 | D        | Found a stormy altar of Qazlal.
   133 | D        | Found a sacrificial altar of Ru.
   134 | D        | Found a shimmering blue altar of Sif Muna.
   135 | D        | Found a bloodstained altar of Trog.
   136 | D        | Found a hide-covered altar of Uskayaw.
   137 | D        | Found a radiant altar of Vehumet.
   138 | D        | Found an ornate altar of the Wu Jian Council.
   139 | D        | Found a shimmering altar of Xom.
   140 | D        | Found a basalt altar of Yredelemnul.
   141 | D        | Found a glowing silver altar of Zin.
   142 | D        | Found a glowing golden altar of the Shining One.
   160 | D        | Got the +2 rapier of Usavoas {protect, rC- Dex+2 SInv}
   236 | D        | Noticed a bullfrog
   236 | D        | Noticed a manticore
   236 | D        | Noticed an orc warrior
   236 | D        | Noticed a komodo dragon
   236 | D        | Noticed a crocodile
   240 | D        | Killed a bullfrog
   240 | D        | Reached **** piety under Cheibriados
   240 | D        | Reached skill level 1 in Armour
   240 | D        | Reached skill level 6 in Unarmed Combat
   240 | D        | Reached XP level 5. HP: 47/47 MP: 7/9
   253 | D        | Slain by a manticore

Skill      XL: |  1  2  3  4 |
---------------+-------------+-----
Shields        | 2 3 4 |  4.6
Dodging        | 1 2 3 |  3.7
Fighting       | 3 4 |  4.9
Unarmed Combat | 4 6 |  6.4
Armour         | 1 |  1.7
Stealth        | |  2.6
Spellcasting   | |  1.6
Conjurations   | |  1.6
Hexes          | |  1.6
Charms         | |  1.6
Summonings     | |  1.6
Necromancy     | |  1.6
Translocations | |  1.6
Transmutations | |  1.6
Fire Magic     | |  1.6
Ice Magic      | |  1.6
Air Magic      | |  1.6
Earth Magic    | |  1.6
Poison Magic   | |  1.6
Evocations     | |  1.0

Action                   |  1- 3 |  4- 6 || total
-------------------------+-------+-------++-------
Melee: Unarmed           |    29 |    14 ||    43
       Headbutt          |     4 |     6 ||    10
       Bite              |     1 |     1 ||     2
Invok: Bend Time         |     2 |     1 ||     3
  Use: Potion            |       |     2 ||     2
 Stab: Invisible         |       |     7 ||     7
       Sleeping          |       |     1 ||     1
Armor: Animal skin       |     2 |     4 ||     6
Dodge: Dodged            |     9 |     9 ||    18
Block: Shield            |    17 |    13 ||    30
